 Dungeon Crawl Stone Soup version 0.24-a0-125-gdf02491 (webtiles) character file.

Game seed: 8626731248849810187

46 emperorscorpion the Skirmisher (level 3, 0/29 HPs)
             Began as a Demonspawn Berserker on Feb 25, 2019.
             Was a Follower of Trog.
             Slain by a worm (5 damage)
             ... on level 2 of the Dungeon.
             The game lasted 00:01:36 (1059 turns).

emperorscorpion the Skirmisher (DsBe)               Turns: 1059, Time: 00:01:37

Health: 0/29       AC:  6    Str: 18    XL:     3   Next: 44%
Magic:  3/3        EV:  9    Int:  8    God:    Trog [*.....]
Gold:   42         SH:  3    Dex: 12    Spells: 2/2 levels left

rFire    . . .     SeeInvis +   a - +0 hand axe
rCold    . . .     Gourm    .   m - +0 buckler (curse)
rNeg     . . .     Faith    .   k - +0 scale mail
rPois    .         Spirit   .   (no helmet)
rElec    .         Reflect  .   (no cloak)
rCorr    .         Harm     .   (no gloves)
MR       .....                  (no boots)
Stlth    ..........             (no amulet)
HPRegen  0.09/turn              j - ring of see invisible
MPRegen  0.08/turn              (no ring)

@: no status effects
A: powered by pain 2
a: Berserk, Renounce Religion


You were on level 2 of the Dungeon.
You worshipped Trog.
Trog was aware of your devotion.
You were hungry.

You visited 1 branch of the dungeon, and saw 2 of its levels.

You collected 42 gold pieces.

Inventory:

Hand Weapons
 a - a +0 hand axe (weapon)
Missiles
 g - 17 poisoned needles
Armour
 b - a +0 animal skin
 h - a +0 helmet
 k - a +0 scale mail (worn)
 m - a cursed +0 buckler (worn)
Jewellery
 j - a ring of see invisible (left hand)
Scrolls
 e - a scroll of amnesia {unknown}
 f - a scroll of fear {unknown}
 i - a scroll of immolation {unknown}
Potions
 l - a potion of flight {unknown}
Comestibles
 c - 6 rations
 d - 8 chunks of flesh


   Skills:
 + Level 3.5 Fighting
 + Level 3.5 Axes
 + Level 1.8 Armour
 + Level 2.0 Dodging


You had 2 spell levels left.
You didn't know any spells.
Your spell library was empty.

Dungeon Overview and Level Annotations

Branches:
Dungeon (2/15)

Altars:


Innate Abilities, Weirdness & Mutations

You sometimes gain power by taking damage.


Message History

The worm bites you!
You are too injured to fight recklessly!
You are too injured to fight recklessly!
You hit the worm.
The worm is severely wounded.
The worm bites you.
You completely miss the worm.
The worm is severely wounded.
You completely miss the worm.
The worm is severely wounded.
You are feeling hungry.
The worm closely misses you.
You hit the worm.
The worm is almost dead.
The worm bites you.
* * * LOW HITPOINT WARNING * * *
You completely miss the worm.
The worm is almost dead.
The worm bites you.
You die...

####### #.....#
###.(...#
........####
#........#####.
#.....# .......
##...@.# .......
##...w..##$......
#................
...........#.....
..##.....>........
####.......#......
...........#######
.####.......#
............#


You could see a worm.

Vanquished Creatures
  An adder (D:2)
  2 worms (D:2)
  A leopard gecko (D:2)
  A ball python (D:2)
  2 bats (D:1)
  2 giant cockroaches (D:2)
  4 hobgoblins
  4 jackals (D:1)
  3 frilled lizards
  3 goblins (D:1)
  A kobold (D:1)
  5 rats
29 creatures vanquished.

Notes
Turn   | Place    | Note
-------+----------+-------------------------------------------
     0 | D:1      | emperorscorpion the Demonspawn Berserker began the quest
                  | for the Orb.
     0 | D:1      | Reached XP level 1. HP: 18/18 MP: 1/1
   149 | D:1      | Gained mutation: You sometimes gain a little power by
                  | taking damage. [demonic ancestry]
   149 | D:1      | Reached XP level 2. HP: 24/24 MP: 2/2
   687 | D:2      | Gained mutation: You sometimes gain power by taking damage.
                  | [demonic ancestry]
   687 | D:2      | Reached XP level 3. HP: 16/29 MP: 3/3
  1059 | D:2      | Slain by a worm

Levels and vault maps discovered:
D:1:      giann_bridges, layout_loops_ring
D:2:      layout_basic, minmay_cupped

Skill      XL: |  1  2 |
---------------+-------+-----
Axes           | 3 |  3.5
Dodging        | 2 |  2.0
Fighting       | |  3.5
Armour         | |  1.8

Action                   || total
-------------------------++-------
Melee: Hand axe          ||    91
Invok: Berserk           ||     3
  Eat: Chunk             ||     3
Armor: Animal skin       ||     4
       Scale mail        ||    30
Dodge: Dodged            ||    56
Block: Buckler           ||     2

Table legend:
 A = Non-vault XP
 B = Vault XP
 C = Vault XP percentage of total XP
 D = Non-vault monster count
 E = Vault monster count
 F = Vault count percentage of total count
                 A         B        C        D         E       F
            +---------+---------+-------+---------+---------+-------
      Total |      60 |       6 |   9.1 |      26 |       3 |  10.3
            +---------+---------+-------+---------+---------+-------
        D:1 |      25 |       0 |   0.0 |      16 |       0 |   0.0
        D:2 |      35 |       6 |  14.6 |      10 |       3 |  23.1
            +---------+---------+-------+---------+---------+-------
